General information
			
			
        
        - name: BNet
 
        - type: Ladder team game (AT/RT)
 
        - host: Battle.net
 
        - saver: Serious
 
        
map: Cherryville 
        - players: 8
 
        - length: 28:47
 
        - speed: Fast
 - version: 1.21 W3XP
 - replay type:  Public
 
» download(243 KB)
Players
        team 1 (winner) 
              
              
3xtr3m3g1rl. (
orange | 107 APM | 3066 actions | 28:45)
              
 7 Blademaster 
 3 Critical Strike
 3 Wind Walk
 1 Bladestorm
 
                » actions 
                
                | Assign group hotkey | 38 |  | 
| Basic commands | 72 |  | 
| Build / train | 58 |  | 
| Enter build submenu | 56 |  | 
| Enter hero's abilities submenu | 7 |  | 
| Give item / drop item | 15 |  | 
| Right click | 1529 |  | 
| Select / deselect | 229 |  | 
| Select group hotkey | 934 |  | 
| Use ability | 125 |  | 
                3066 total
 » units 
                
                | Peon | 19 |  | 
| Grunt | 5 |  | 
| Troll Batrider | 1 |  | 
                25 total
 » upgrades
                » buildings
                
                | Altar of Storms | 1 |  | 
| Orc Burrow | 4 |  | 
| Barracks | 2 |  | 
| Voodoo Lounge | 1 |  | 
| Stronghold | 1 |  | 
| War Mill | 2 |  | 
| Great Hall | 1 |  | 
| Watch Tower | 32 |  | 
| Fortress | 3 |  | 
| Beastiary | 3 |  | 
| Tauren Totem | 2 |  | 
                52 total
 » build order
                00:15 Altar of Storms
00:27 Orc Burrow
00:42 Barracks
01:40 Orc Burrow
02:22 Voodoo Lounge
03:13 Stronghold
04:12 War Mill
05:24 Great Hall
05:30 Watch Tower
06:12 Orc Burrow
06:14 Orc Burrow
06:37 Fortress
06:37 Fortress
07:08 Watch Tower
07:11 Watch Tower
07:42 Watch Tower
07:46 Beastiary
08:28 Beastiary
09:15 Watch Tower
09:16 Watch Tower
10:25 Watch Tower
11:17 Watch Tower
11:20 Watch Tower
11:25 Watch Tower
11:50 Watch Tower
11:52 Watch Tower
11:57 Watch Tower
12:59 Watch Tower
13:03 Watch Tower
14:05 Beastiary
14:35 War Mill
14:39 Watch Tower
19:29 Watch Tower
19:31 Watch Tower
21:34 Watch Tower
21:35 Watch Tower
21:36 Watch Tower
21:38 Watch Tower
21:39 Watch Tower
21:41 Watch Tower
21:42 Watch Tower
22:59 Watch Tower
23:00 Watch Tower
23:01 Watch Tower
23:02 Watch Tower
23:35 Watch Tower
23:36 Barracks
23:38 Tauren Totem
23:38 Tauren Totem
23:39 Watch Tower
23:40 Watch Tower
» items
                
                | Scroll of Speed | 1 |  | 
| Healing Salve | 4 |  | 
| Orb of Lightning | 2 |  | 
| Lesser Clarity Potion | 2 |  | 
| Potion of Healing | 1 |  | 
                10 total
  
               
              
              
RUSH[yyz] (
teal | 62 APM | 1790 actions | 28:45)
              
 5 Death Knight 
 3 Death Coil
 2 Unholy Aura
 2 Lich 
 1 Frost Nova
 1 Frost Armor
 
                » actions 
                
                | Assign group hotkey | 48 |  | 
| Basic commands | 124 |  | 
| Build / train | 87 |  | 
| Enter build submenu | 40 |  | 
| Enter hero's abilities submenu | 7 |  | 
| Give item / drop item | 3 |  | 
| Remove unit from queue | 2 |  | 
| Right click | 786 |  | 
| Select / deselect | 359 |  | 
| Select group hotkey | 237 |  | 
| Use ability | 97 |  | 
                1790 total
 » units 
                
                | Acolyte | 16 |  | 
| Ghoul | 4 |  | 
| Crypt Fiend | 8 |  | 
| Obsidian Statue | 2 |  | 
| Meatwagon | 5 |  | 
                35 total
 » upgrades
                
                | Creature Attack | 1 |  | 
| Web | 1 |  | 
| Creature Carapace | 1 |  | 
| Unholy Strength | 1 |  | 
| Unholy Armor | 1 |  | 
                5 total
 » buildings
                
                | Graveyard | 1 |  | 
| Crypt | 1 |  | 
| Ziggurat | 35 |  | 
| Altar of Darkness | 1 |  | 
| Tomb of Relics | 2 |  | 
| Nerubian Tower | 3 |  | 
| Halls of the Dead | 2 |  | 
| Spirit Tower | 22 |  | 
| Sacrificial Pit | 1 |  | 
| Black Citadel | 1 |  | 
| Slaughterhouse | 2 |  | 
| Necropolis | 4 |  | 
                75 total
 » build order
                00:11 Graveyard
00:14 Crypt
00:40 Ziggurat
00:58 Altar of Darkness
01:14 Tomb of Relics
02:11 Ziggurat
02:44 Nerubian Tower
02:44 Nerubian Tower
03:58 Halls of the Dead
05:35 Halls of the Dead
05:53 Spirit Tower
05:59 Ziggurat
07:20 Spirit Tower
07:33 Ziggurat
08:05 Sacrificial Pit
08:47 Spirit Tower
10:04 Ziggurat
10:41 Ziggurat
10:45 Ziggurat
10:47 Ziggurat
10:49 Ziggurat
11:08 Black Citadel
11:52 Spirit Tower
11:54 Spirit Tower
11:56 Spirit Tower
11:59 Spirit Tower
12:52 Slaughterhouse
13:06 Slaughterhouse
14:25 Ziggurat
14:30 Ziggurat
15:56 Spirit Tower
15:57 Spirit Tower
18:43 Ziggurat
19:06 Necropolis
19:31 Ziggurat
19:34 Ziggurat
19:38 Tomb of Relics
19:42 Ziggurat
19:45 Ziggurat
19:48 Ziggurat
20:38 Ziggurat
21:11 Ziggurat
21:43 Ziggurat
21:44 Ziggurat
21:45 Ziggurat
22:00 Necropolis
22:20 Necropolis
22:38 Spirit Tower
22:38 Spirit Tower
23:28 Ziggurat
23:29 Ziggurat
23:30 Ziggurat
23:31 Ziggurat
23:33 Ziggurat
23:34 Ziggurat
23:34 Ziggurat
24:12 Spirit Tower
24:53 Ziggurat
24:54 Ziggurat
24:54 Ziggurat
24:55 Ziggurat
24:56 Ziggurat
24:56 Ziggurat
26:27 Spirit Tower
26:27 Spirit Tower
26:58 Spirit Tower
26:58 Spirit Tower
26:59 Spirit Tower
27:59 Necropolis
» items
                
                | Rod of Necromancy | 1 |  | 
| Dust of Appearance | 1 |  | 
| Orb of Corruption | 1 |  | 
| Sacrificial Skull | 1 |  | 
                4 total
  
               
              
              
Serious (
yellow | 101 APM | 2904 actions | 28:47)
              
 4 Death Knight 
 2 Death Coil
 2 Unholy Aura
 2 Lich 
 1 Frost Nova
 1 Frost Armor
 2 Dreadlord 
 1 Sleep
 1 Carrion Swarm
 
                » actions 
                
                | Assign group hotkey | 18 |  | 
| Basic commands | 112 |  | 
| Build / train | 70 |  | 
| ESC pressed | 4 |  | 
| Enter build submenu | 71 |  | 
| Enter hero's abilities submenu | 8 |  | 
| Right click | 1654 |  | 
| Select / deselect | 409 |  | 
| Select group hotkey | 400 |  | 
| Use ability | 158 |  | 
                2904 total
 » units 
                
                | Acolyte | 20 |  | 
| Ghoul | 5 |  | 
| Crypt Fiend | 4 |  | 
| Frost Wyrm | 2 |  | 
                31 total
 » upgrades
                
                | Web | 1 |  | 
| Burrow | 1 |  | 
| Creature Attack | 1 |  | 
| Creature Carapace | 1 |  | 
| Freezing Breath | 1 |  | 
                5 total
 » buildings
                
                | Crypt | 1 |  | 
| Graveyard | 1 |  | 
| Altar of Darkness | 1 |  | 
| Ziggurat | 46 |  | 
| Tomb of Relics | 3 |  | 
| Nerubian Tower | 1 |  | 
| Spirit Tower | 14 |  | 
| Halls of the Dead | 1 |  | 
| Sacrificial Pit | 1 |  | 
| Black Citadel | 1 |  | 
| Necropolis | 2 |  | 
| Boneyard | 4 |  | 
                76 total
 » build order
                00:10 Crypt
00:19 Graveyard
00:44 Altar of Darkness
01:00 Ziggurat
01:25 Tomb of Relics
02:37 Ziggurat
02:50 Nerubian Tower
03:33 Ziggurat
07:01 Ziggurat
07:02 Ziggurat
07:05 Ziggurat
07:07 Ziggurat
07:15 Spirit Tower
07:18 Ziggurat
07:19 Ziggurat
07:26 Halls of the Dead
08:13 Spirit Tower
08:35 Spirit Tower
09:25 Ziggurat
09:32 Ziggurat
09:34 Ziggurat
09:36 Ziggurat
09:38 Ziggurat
10:32 Spirit Tower
10:36 Sacrificial Pit
13:08 Black Citadel
13:20 Necropolis
15:53 Boneyard
15:57 Boneyard
15:58 Boneyard
16:00 Boneyard
16:19 Ziggurat
16:38 Ziggurat
16:40 Ziggurat
16:48 Ziggurat
16:53 Ziggurat
16:56 Ziggurat
16:58 Ziggurat
17:33 Spirit Tower
17:42 Spirit Tower
17:52 Spirit Tower
18:03 Necropolis
18:20 Ziggurat
18:23 Ziggurat
18:25 Ziggurat
18:33 Ziggurat
18:37 Ziggurat
18:47 Ziggurat
18:49 Ziggurat
18:58 Tomb of Relics
19:20 Spirit Tower
20:03 Spirit Tower
20:10 Tomb of Relics
20:28 Ziggurat
20:31 Ziggurat
22:18 Spirit Tower
22:19 Ziggurat
22:36 Ziggurat
22:37 Ziggurat
23:58 Spirit Tower
24:09 Ziggurat
25:06 Ziggurat
26:26 Ziggurat
26:31 Ziggurat
26:33 Ziggurat
26:39 Ziggurat
27:07 Ziggurat
27:09 Ziggurat
27:13 Ziggurat
27:16 Ziggurat
27:18 Ziggurat
27:19 Ziggurat
27:21 Ziggurat
27:25 Spirit Tower
28:03 Spirit Tower
28:33 Spirit Tower
» items
                
                | Rod of Necromancy | 3 |  | 
| Potion of Mana | 1 |  | 
| Scroll of Town Portal | 1 |  | 
                5 total
  
               
              
              
X-SKy (
red | 51 APM | 1477 actions | 28:45)
              
 3 Archmage 
 2 Summon Water Elemental
 1 Brilliance Aura
 3 Firelord 
 2 Summon Lava Spawn
 1 Soul Burn
 
                » actions 
                
                | Assign group hotkey | 97 |  | 
| Basic commands | 171 |  | 
| Build / train | 82 |  | 
| ESC pressed | 2 |  | 
| Enter build submenu | 39 |  | 
| Enter hero's abilities submenu | 6 |  | 
| Right click | 463 |  | 
| Select / deselect | 342 |  | 
| Select group hotkey | 230 |  | 
| Use ability | 45 |  | 
                1477 total
 » units 
                
                | Peasant | 16 |  | 
| Footman | 7 |  | 
| Mortar Team | 10 |  | 
| Rifleman | 4 |  | 
| Siege Engine | 13 |  | 
                50 total
 » upgrades
                
                | Lumber Harvesting | 2 |  | 
| Masonry | 3 |  | 
| Gunpowder | 3 |  | 
| Long Rifles | 1 |  | 
| Barrage | 1 |  | 
| Plating | 2 |  | 
                12 total
 » buildings
                
                | Altar of Kings | 1 |  | 
| Barracks | 1 |  | 
| Farm | 10 |  | 
| Scout Tower | 10 |  | 
| Lumber Mill | 1 |  | 
| Arcane Tower | 1 |  | 
| Keep | 2 |  | 
| Town Hall | 2 |  | 
| Guard Tower | 4 |  | 
| Blacksmith | 1 |  | 
| Workshop | 2 |  | 
| Cannon Tower | 2 |  | 
| Castle | 1 |  | 
                38 total
 » build order
                00:11 Altar of Kings
00:25 Barracks
00:39 Farm
00:54 Farm
01:49 Farm
02:05 Scout Tower
02:07 Lumber Mill
02:32 Arcane Tower
03:46 Keep
03:46 Keep
04:00 Farm
05:30 Town Hall
05:43 Scout Tower
07:50 Guard Tower
07:55 Blacksmith
08:24 Farm
08:25 Farm
10:32 Workshop
11:19 Scout Tower
11:22 Scout Tower
11:24 Scout Tower
11:47 Guard Tower
11:51 Cannon Tower
11:53 Scout Tower
15:44 Castle
16:24 Cannon Tower
16:53 Guard Tower
17:01 Workshop
17:54 Farm
17:55 Farm
18:34 Farm
18:34 Farm
19:21 Scout Tower
19:22 Scout Tower
19:23 Scout Tower
19:23 Scout Tower
21:43 Guard Tower
27:54 Town Hall
» items
                
                | Scroll of Healing | 1 |  | 
| Scroll of Protection | 1 |  | 
                2 total
  
               team 2 (loser) 
              
              
digitalJESUS (
blue | 69 APM | 1996 actions | 28:44)
              
 5 Blademaster 
 3 Wind Walk
 2 Critical Strike
 
                » actions 
                
                | Assign group hotkey | 5 |  | 
| Basic commands | 7 |  | 
| Build / train | 56 |  | 
| Enter build submenu | 26 |  | 
| Enter hero's abilities submenu | 5 |  | 
| Give item / drop item | 10 |  | 
| Remove unit from queue | 3 |  | 
| Right click | 1514 |  | 
| Select / deselect | 251 |  | 
| Select group hotkey | 25 |  | 
| Use ability | 93 |  | 
                1996 total
 » units 
                » upgrades
                
                | Ranged Weapons | 3 |  | 
| Liquid Fire | 1 |  | 
| Reinforced Defenses | 1 |  | 
                5 total
 » buildings
                
                | Altar of Storms | 1 |  | 
| Orc Burrow | 4 |  | 
| War Mill | 1 |  | 
| Watch Tower | 28 |  | 
| Voodoo Lounge | 1 |  | 
| Stronghold | 1 |  | 
| Fortress | 1 |  | 
| Beastiary | 2 |  | 
                39 total
 » build order
                00:10 Altar of Storms
00:16 Orc Burrow
00:36 War Mill
01:49 Watch Tower
02:09 Watch Tower
02:32 Watch Tower
02:51 Voodoo Lounge
02:57 Watch Tower
04:07 Watch Tower
04:10 Watch Tower
04:11 Watch Tower
04:37 Orc Burrow
04:54 Stronghold
05:00 Watch Tower
05:32 Watch Tower
05:38 Watch Tower
06:37 Watch Tower
07:08 Watch Tower
07:13 Watch Tower
07:19 Fortress
07:22 Beastiary
08:02 Beastiary
09:10 Orc Burrow
10:07 Orc Burrow
13:18 Watch Tower
13:19 Watch Tower
13:20 Watch Tower
13:21 Watch Tower
13:22 Watch Tower
18:45 Watch Tower
18:46 Watch Tower
18:47 Watch Tower
18:47 Watch Tower
18:48 Watch Tower
18:49 Watch Tower
18:50 Watch Tower
18:51 Watch Tower
18:51 Watch Tower
18:55 Watch Tower
» items
                
                | Lesser Clarity Potion | 5 |  | 
| Healing Salve | 2 |  | 
| Boots of Speed | 1 |  | 
| Staff of Teleportation | 1 |  | 
| Potion of Lesser Invulnerability | 1 |  | 
| Orb of Lightning | 1 |  | 
| Potion of Mana | 1 |  | 
| Scroll of Town Portal | 1 |  | 
| Orb of Fire | 1 |  | 
                14 total
  
               
              
              
fineX. (
pink | 51 APM | 1455 actions | 28:35)
              
 3 Archmage 
 2 Blizzard
 1 Brilliance Aura
 
                » actions 
                
                | Assign group hotkey | 14 |  | 
| Basic commands | 9 |  | 
| Build / train | 63 |  | 
| Enter build submenu | 30 |  | 
| Enter hero's abilities submenu | 3 |  | 
| Remove unit from queue | 6 |  | 
| Right click | 706 |  | 
| Select / deselect | 279 |  | 
| Select group hotkey | 236 |  | 
| Use ability | 109 |  | 
                1455 total
 » units 
                
                | Peasant | 10 |  | 
| Mortar Team | 3 |  | 
| Priest | 1 |  | 
| Sorceress | 4 |  | 
                18 total
 » upgrades
                
                | Masonry | 3 |  | 
| Swords | 1 |  | 
| Flare | 1 |  | 
| Fragmentation Shards | 2 |  | 
| Magic Sentry | 1 |  | 
| Gunpowder | 2 |  | 
| Armor | 2 |  | 
| Priest Training | 1 |  | 
| Sorceress Training | 1 |  | 
                14 total
 » buildings
                
                | Altar of Kings | 1 |  | 
| Farm | 7 |  | 
| Lumber Mill | 1 |  | 
| Scout Tower | 23 |  | 
| Arcane Tower | 1 |  | 
| Guard Tower | 12 |  | 
| Keep | 1 |  | 
| Blacksmith | 1 |  | 
| Arcane Vault | 1 |  | 
| Workshop | 3 |  | 
| Castle | 1 |  | 
| Arcane Sanctum | 1 |  | 
| Cannon Tower | 3 |  | 
                56 total
 » build order
                00:07 Altar of Kings
00:12 Farm
01:02 Lumber Mill
01:17 Scout Tower
01:20 Scout Tower
01:32 Scout Tower
01:35 Scout Tower
01:47 Scout Tower
01:50 Arcane Tower
02:12 Guard Tower
02:32 Guard Tower
02:48 Scout Tower
03:09 Scout Tower
04:00 Guard Tower
04:21 Scout Tower
04:23 Scout Tower
04:37 Keep
04:50 Blacksmith
04:51 Guard Tower
04:54 Scout Tower
04:55 Scout Tower
04:56 Guard Tower
04:59 Scout Tower
05:00 Scout Tower
05:26 Guard Tower
05:36 Arcane Vault
05:54 Guard Tower
06:23 Scout Tower
06:24 Guard Tower
06:52 Farm
06:59 Guard Tower
07:04 Farm
09:17 Workshop
09:24 Workshop
09:35 Castle
10:42 Workshop
10:46 Arcane Sanctum
12:02 Farm
12:05 Farm
13:07 Farm
13:08 Farm
21:55 Scout Tower
21:56 Scout Tower
21:56 Scout Tower
21:58 Scout Tower
22:07 Scout Tower
22:26 Guard Tower
22:44 Guard Tower
22:48 Scout Tower
22:49 Scout Tower
22:50 Scout Tower
22:51 Scout Tower
23:35 Guard Tower
23:38 Cannon Tower
23:53 Cannon Tower
24:28 Cannon Tower
» items
                
                | Boots of Speed | 1 |  | 
| Staff of Teleportation | 1 |  | 
| Ivory Tower | 1 |  | 
                3 total
  
               
              
              
Panda_Slammed (
purple | 49 APM | 1400 actions | 28:40)
              
 5 Blademaster 
 3 Wind Walk
 2 Critical Strike
 
                » actions 
                
                | Basic commands | 201 |  | 
| Build / train | 54 |  | 
| Enter build submenu | 45 |  | 
| Enter hero's abilities submenu | 5 |  | 
| Give item / drop item | 2 |  | 
| Right click | 596 |  | 
| Select / deselect | 359 |  | 
| Use ability | 138 |  | 
                1400 total
 » units 
                » upgrades
                
                | Spiked Barricades | 1 |  | 
| Liquid Fire | 1 |  | 
                2 total
 » buildings
                
                | Altar of Storms | 1 |  | 
| Orc Burrow | 4 |  | 
| War Mill | 1 |  | 
| Watch Tower | 34 |  | 
| Voodoo Lounge | 1 |  | 
| Stronghold | 1 |  | 
| Fortress | 1 |  | 
| Beastiary | 2 |  | 
| Great Hall | 1 |  | 
                46 total
 » build order
                00:06 Altar of Storms
00:08 Orc Burrow
00:40 War Mill
01:40 Orc Burrow
01:56 Watch Tower
02:14 Watch Tower
02:40 Watch Tower
03:46 Watch Tower
03:48 Watch Tower
03:50 Voodoo Lounge
04:18 Watch Tower
04:19 Stronghold
04:43 Watch Tower
04:48 Watch Tower
04:54 Watch Tower
05:16 Watch Tower
06:34 Watch Tower
06:35 Watch Tower
06:37 Watch Tower
06:44 Fortress
06:47 Orc Burrow
07:48 Beastiary
07:53 Watch Tower
08:53 Beastiary
09:29 Watch Tower
09:41 Orc Burrow
10:35 Watch Tower
12:00 Watch Tower
12:01 Watch Tower
16:14 Watch Tower
16:25 Great Hall
18:30 Watch Tower
18:31 Watch Tower
18:32 Watch Tower
18:34 Watch Tower
18:36 Watch Tower
18:37 Watch Tower
18:38 Watch Tower
20:04 Watch Tower
20:06 Watch Tower
20:06 Watch Tower
20:07 Watch Tower
20:09 Watch Tower
20:10 Watch Tower
20:27 Watch Tower
22:32 Watch Tower
» items
                
                | Healing Salve | 5 |  | 
| Lesser Clarity Potion | 5 |  | 
| Scroll of Speed | 1 |  | 
| Orb of Lightning | 2 |  | 
| Boots of Speed | 1 |  | 
| Scroll of Town Portal | 2 |  | 
                16 total
  
               
              
              
zanmatto (
green | 49 APM | 1418 actions | 28:43)
              
 3 Archmage 
 1 Summon Water Elemental
 2 Brilliance Aura
 
                » actions 
                
                | Basic commands | 9 |  | 
| Build / train | 75 |  | 
| Enter build submenu | 47 |  | 
| Enter hero's abilities submenu | 3 |  | 
| Remove unit from queue | 5 |  | 
| Right click | 696 |  | 
| Select / deselect | 503 |  | 
| Use ability | 75 |  | 
                1418 total
 » units 
                
                | Peasant | 14 |  | 
| Footman | 1 |  | 
| Rifleman | 8 |  | 
| Mortar Team | 20 |  | 
| Sorceress | 2 |  | 
                45 total
 » upgrades
                
                | Masonry | 2 |  | 
| Lumber Harvesting | 1 |  | 
| Gunpowder | 1 |  | 
| Magic Sentry | 1 |  | 
| Sorceress Training | 1 |  | 
                6 total
 » buildings
                
                | Altar of Kings | 1 |  | 
| Farm | 12 |  | 
| Blacksmith | 1 |  | 
| Lumber Mill | 1 |  | 
| Barracks | 1 |  | 
| Scout Tower | 20 |  | 
| Guard Tower | 14 |  | 
| Keep | 1 |  | 
| Town Hall | 1 |  | 
| Workshop | 2 |  | 
| Arcane Sanctum | 1 |  | 
                55 total
 » build order
                00:07 Altar of Kings
00:09 Farm
01:00 Blacksmith
01:28 Lumber Mill
03:07 Farm
03:09 Barracks
03:50 Scout Tower
05:01 Farm
05:04 Scout Tower
05:06 Scout Tower
05:10 Scout Tower
05:29 Guard Tower
05:36 Guard Tower
05:41 Scout Tower
05:45 Scout Tower
05:51 Scout Tower
05:54 Guard Tower
05:59 Farm
06:12 Guard Tower
06:13 Guard Tower
06:17 Guard Tower
06:27 Farm
06:30 Farm
06:35 Farm
07:40 Scout Tower
07:42 Scout Tower
07:44 Scout Tower
07:58 Keep
08:13 Guard Tower
08:29 Scout Tower
08:32 Scout Tower
09:07 Scout Tower
09:14 Scout Tower
09:19 Guard Tower
09:22 Guard Tower
09:36 Guard Tower
10:09 Guard Tower
10:26 Scout Tower
10:29 Scout Tower
11:08 Guard Tower
11:39 Scout Tower
12:37 Town Hall
13:11 Guard Tower
13:14 Scout Tower
13:15 Scout Tower
13:17 Scout Tower
14:18 Guard Tower
14:22 Workshop
14:27 Workshop
16:40 Arcane Sanctum
17:57 Farm
18:44 Farm
18:46 Farm
22:34 Farm
22:36 Farm
 
                Chat log
          
(04:02 / All) Serious: clan towa wannabes
(04:03 / All) Serious: jesus
(04:07 / All) fineX.: uh
(04:15 / All) fineX.: ... i am in clan towa
(04:16 / All) zanmatto: who says we are wannabes?
(04:18 / All) 3xtr3m3g1rl.: i know what ur thinking
(04:21 / All) Serious: oh you're b-team
(04:22 / All) 3xtr3m3g1rl.: and no hes no a mongoloid
(04:28 / All) fineX.: cherryville gang
(17:59 / All) Serious: Horrible playing
(25:07 / All) Serious: amazing
(25:19 / All) Serious: horrible tower massing
(27:02 / All) Serious: for every tower you kill
(27:05 / All) Serious: Im putting down 10
(27:15 / All) Serious: have fun
(27:59 / Allies) 3xtr3m3g1rl.: ur bm sucks
(28:03 / All) 3xtr3m3g1rl.: ur bm sucks
(28:04 / All) 3xtr3m3g1rl.: lol
(28:36 / Allies) 3xtr3m3g1rl.: \
(28:38 / All) Serious: rofl
(28:40 / Allies) 3xtr3m3g1rl.: inferior bm